 Dungeon Crawl Stone Soup version 0.28-a0-1202-g1e6f1b2279 (webtiles) character file.

Game seed: 10807027652377040456

5513 Grim the Destroyer (level 10, -4/52 HPs)
             Began as a Deep Elf Conjurer on Dec 20, 2021.
             Was an Initiate of Vehumet.
             Shot with an arrow by a centaur warrior (18 damage)
             ... on level 9 of the Dungeon.
             The game lasted 00:38:08 (14484 turns).

Grim the Destroyer (Deep Elf Conjurer)             Turns: 14484, Time: 00:38:09

Health: -4/52      AC:  3    Str:  6    XL:     10   Next: 43%
Magic:  16/16      EV: 13    Int: 26    God:    Vehumet [......]
Gold:   326        SH:  0    Dex: 13    Spells: 1/15 levels left

rFire   + . .      SeeInvis .   l - +1 quarterstaff (spect)
rCold   . . .      Faith    .   (shield currently unavailable)
rNeg    . . .      Spirit   .   a - +0 robe
rPois   .          Reflect  .   (no helmet)
rElec   .          Harm     .   (no cloak)
rCorr   .          Rampage  +   (no gloves)
Will    ++...                   p - +0 pair of boots "Qaskok" {Rampage rF+}
Stlth   ++........              c - amulet of the acrobat
HPRegen 0.17/turn               r - ring of wizardry
MPRegen 0.15/turn               t - ring of willpower

@: no status effects
A: no striking features
a: Renounce Religion


You were on level 9 of the Dungeon.
You worshipped Vehumet.
Vehumet was noncommittal.
You visited 2 branches of the dungeon, and saw 10 of its levels.

You collected 496 gold pieces.
You spent 170 gold pieces at shops.

Inventory:

Hand Weapons
 l - a +1 spectral quarterstaff (weapon)
Missiles
 e - 6 javelins
Armour
 a - a +0 robe (worn)
 p - the +0 pair of boots "Qaskok" (worn) {Rampage rF+}
   (You found it on level 6 of the Dungeon)

   rF:        It protects you from fire.
   Rampage:   It bestows one free step when moving towards enemies.
Jewellery
 c - an amulet of the acrobat (around neck)
 r - a ring of wizardry (left hand)
 t - a ring of willpower (right hand)
 v - a ring of fire
 w - a ring of protection from fire
 y - a ring of flight
 z - a +4 ring of evasion
Wands
 d - a wand of flame (9)
 u - a wand of polymorph (3)
Scrolls
 i - a scroll of noise {unknown}
 k - a scroll of fog {unknown}
 o - a scroll of acquirement {unknown}
 q - a scroll of vulnerability {unknown}
Potions
 b - a potion of brilliance
 f - 2 potions of heal wounds
 g - 3 potions of resistance
 h - a potion of berserk rage
 j - 2 potions of curing
 m - a potion of degeneration {unknown}
 n - 2 potions of ambrosia {unknown}
 s - a potion of mutation {unknown}
 x - a potion of attraction {unknown}


   Skills:
 - Level 1.5 Fighting
 - Level 6.2 Staves
 + Level 4.1 Dodging
 - Level 2.4 Stealth
 - Level 3.0 Spellcasting
 * Level 13.2 Conjurations
 - Level 10.0 Hexes


You had one spell level left.
You knew the following spells:

 Your Spells              Type           Power      Damage    Failure   Level
a - Magic Dart            Conj           100%       1d8       1%          1
b - Searing Ray           Conj           100%       2d8       1%          2
c - Fulminant Prism       Conj/Hex       29%        3d14      1%          4
d - Iskenderun's Mystic   Conj/Tloc      38%        2d9       2%          4
e - Dazzling Flash        Conj/Hex       100%       N/A       1%          3

Your spell library contained the following spells:

 Spells                   Type           Power      Damage    Failure   Level


Dungeon Overview and Level Annotations

Branches:
Dungeon (9/15)             Temple (1/1) D:7
   Lair: D:8-11         Orc: D:9-12

Altars:
Ashenzari
Cheibriados
Dithmenos
Elyvilon
Fedhas
Gozag
Kikubaaqudgha
Makhleb
Nemelex Xobeh
Okawaru
Qazlal
Ru
Sif Muna
Trog
Uskayaw
Vehumet
Wu Jian
Xom
Yredelemnul
Zin
The Shining One

Shops:
D:3 :[!(*

Annotations:
D:4 duvessa, Duvessa
D:5 1 runed translucent door, Crazy Yiuf
D:7 3 runed translucent doors, drclinical's ghost, novice DsNe; erthbison's ghost, novice GrFi


Message History

The mystic blast hits the two-headed ogre!
You kill the two-headed ogre!
Vehumet accepts your kill.
Your Dodging skill increases to level 4!
Your Conjurations skill increases to level 13!
You start resting.
A boulder beetle comes into view.
Things that are here:
a +0 giant spiked club; a +0 giant club
Found 14 gold pieces.
Found an escape hatch in the floor.
Found a chain mail.
Really walk into that teleport trap?
You enter a teleport trap!
The teleport trap disappears.
Your surroundings suddenly seem different.
There is a stone staircase leading up, spattered with blood here.
You start resting.
A centaur warrior is nearby!
You climb upwards.
There is a stone staircase leading down here.
You start resting.
Magic restored.
You start waiting.
Done waiting.
You climb downwards.
There is a stone staircase leading up, spattered with blood here.
You rampage towards the centaur warrior!
Found 13 gold pieces.
The centaur warrior shouts!
The centaur warrior shoots an arrow.
The arrow completely misses you.
The centaur warrior shoots an arrow.
The arrow hits you!!
* * * LOW HITPOINT WARNING * * *
The centaur warrior shoots an arrow.
The arrow barely misses you.
The centaur warrior shoots an arrow.
The arrow hits you!
* * * LOW HITPOINT WARNING * * *
The centaur warrior shoots an arrow.
The arrow closely misses you.
The centaur warrior shoots an arrow.
The arrow completely misses you.
There is a stone staircase leading up, spattered with blood here.
The centaur warrior shoots an arrow.
The arrow hits you!!
You die...

#..... .####....#
.........#
........# #......#
# #......# .#
#......########.#
#....@..........###
#..................
#..................
#..................
#....#####........#
#....# #........#
#....# #..c.....#
#....# #........#
#....# #........#


You could see a centaur warrior.

Vanquished Creatures
  A two-headed ogre (D:9)
  Pikel (D:5)
  Maggie (D:7)
  A komodo dragon (D:5)
  Prince Ribbit (D:7)
  4 yaks (D:6)
  Sigmund (D:5)
  A wyvern (D:8)
  A vampire (D:8)
  An acid dragon (D:7)
  3 orc warriors
  A black bear (D:5)
  3 ice beasts
  2 ogres
  A centaur (D:7)
  3 lemures (D:7)
  A kobold brigand (D:8)
  A gnoll sergeant (D:7)
  A bullfrog (D:7)
  A wyvern zombie (D:7)
  A water moccasin zombie (D:6)
  4 scorpions
  A water moccasin skeleton (D:4)
  4 killer bees
  3 wights (D:7)
  A howler monkey (D:8)
  2 centaur zombies (D:5)
  A hound (D:7)
  A jelly (D:5)
  2 orc priests
  A centaur skeleton (D:7)
  4 iguanas
  Terence (D:3)
  2 orc wizards (D:8)
  2 howler monkey skeletons
  17 gnolls
  4 adders
  2 white imps
  2 worms (D:2)
  4 dart slugs
  26 orcs
  6 bats
  2 endoplasms
  2 giant cockroaches
  2 goblins (D:1)
  6 hobgoblins
  8 jackals
  16 kobolds
  7 quokkas
  5 ball pythons
  4 frilled lizards
  4 rats
177 creatures vanquished.

Vanquished Creatures (others)
  44 fulminant prisms
44 creatures vanquished.

Grand Total: 221 creatures vanquished

Notes
Turn   | Place    | Note
-------+----------+-------------------------------------------
     0 | D:1      | Grim the Deep Elf Conjurer began the quest for the Orb.
     0 | D:1      | Reached XP level 1. HP: 10/10 MP: 6/6
   395 | D:1      | Reached XP level 2. HP: 15/15 MP: 5/8
   398 | D:1      | Learned a level 2 spell: Searing Ray
   428 | D:1      | Reached skill level 5 in Conjurations
  1387 | D:2      | Reached XP level 3. HP: 17/19 MP: 3/9
  1798 | D:2      | Found an ancient bone altar of Kikubaaqudgha.
  2130 | D:2      | Reached skill level 6 in Conjurations
  2377 | D:3      | Found Etekh's Distillery.
  2428 | D:3      | Reached XP level 4. HP: 24/24 MP: 7/10
  2440 | D:3      | Learned a level 4 spell: Fulminant Prism
  2538 | D:3      | Found Biohuth's Book Shop.
  2576 | D:3      | Reached skill level 1 in Hexes
  2755 | D:3      | Found Nori's Armour Boutique.
  2756 | D:3      | Noticed Terence
  2783 | D:3      | Reached XP level 5. HP: 28/28 MP: 4/11
  3011 | D:3      | Found Leqeiq Bido's Assorted Antiques.
  3101 | D:3      | Found Decawiem's Weapon Shop.
  3247 | D:3      | Killed Terence
  3625 | D:4      | Reached XP level 6. HP: 32/32 MP: 9/12
  3705 | D:3      | Bought a +1 spectral quarterstaff for 170 gold pieces
  3739 | D:4      | Identified the +2 leather armour "Ziduhoas" {rC- rN++
                  | Will+}
  3744 | D:4      | Found a burning altar of Makhleb.
  3869 | D:4      | Reached skill level 7 in Conjurations
  3869 | D:4      | Reached skill level 5 in Hexes
  4011 | D:4      | Noticed Duvessa
  4389 | D:5      | Entered Level 5 of the Dungeon
  4586 | D:4      | Reached XP level 7. HP: 22/36 MP: 7/13
  4804 | D:5      | Noticed a komodo dragon
  5167 | D:5      | Killed a komodo dragon
  5168 | D:5      | Reached skill level 10 in Hexes
  5168 | D:5      | Reached XP level 8. HP: 8/41 MP: 0/14
  5637 | D:5      | Reached skill level 1 in Staves
  5702 | D:5      | Found a runed translucent door.
  5703 | D:5      | Noticed Crazy Yiuf
  5717 | D:5      | Noticed Sigmund
  5721 | D:5      | Killed Sigmund
  5748 | D:5      | Reached skill level 8 in Conjurations
  6471 | D:6      | Identified the +0 pair of boots "Qaskok" {Rampage rF+}
  7293 | D:6      | Reached skill level 9 in Conjurations
  7422 | D:6      | Reached XP level 9. HP: 45/45 MP: 7/15
  7612 | D:6      | Reached skill level 10 in Conjurations
  8819 | D:7      | Noticed Maggie
  8829 | D:7      | Learned a level 4 spell: Iskenderun's Mystic Blast
  8833 | D:7      | Learned a level 3 spell: Dazzling Flash
  8853 | D:7      | Killed Maggie
  8854 | D:7      | Reached skill level 5 in Staves
  9349 | D:7      | Found a staircase to the Ecumenical Temple.
  9464 | D:7      | Reached skill level 11 in Conjurations
 10342 | D:7      | Found a runed translucent gate.
 10343 | D:7      | Found a runed translucent gate.
 10343 | D:7      | Found a runed translucent gate.
 10345 | D:7      | Noticed erthbison's ghost (novice GrFi)
 10345 | D:7      | Noticed drclinical's ghost (novice DsNe)
 10413 | D:7      | Noticed Pikel
 10422 | D:7      | Identified the +10 longbow of Light {venom, rElec Int+2
                  | Dex+6}
 10577 | D:5      | Killed Pikel
 10578 | D:5      | Reached skill level 12 in Conjurations
 10893 | D:7      | Noticed Prince Ribbit
 10899 | D:7      | Killed Prince Ribbit
 10900 | D:7      | Reached XP level 10. HP: 51/51 MP: 6/16
 11015 | D:7      | Reached skill level 1 in Fighting
 11338 | Temple   | Entered the Ecumenical Temple
 11357 | Temple   | Became a worshipper of Vehumet
 11423 | D:7      | Found a shadowy altar of Dithmenos.
 13649 | D:8      | Identified the +5 ring mail "Qamew" {rCorr}
 13946 | D:9      | Noticed a centaur warrior
 14273 | D:9      | Noticed a two-headed ogre
 14281 | D:9      | Killed a two-headed ogre
 14282 | D:9      | Reached skill level 13 in Conjurations
 14285 | D:9      | Noticed a boulder beetle
 14484 | D:9      | Shot with an arrow by a centaur warrior

Illustrated notes

Levels and vault maps discovered:
D:1:      heliophobic_arrival_henge, layout_loops_corners
D:2:      layout_basic, basic_altar
D:3:      layout_rooms, serial_shops, nicolae_shop_competitors_out_of_business,
          shop, nicolae_shop_bloodbath_and_beyond, shop, shop,
          corexii_corridor_pit, uniq_terence
D:4:      layout_basic, kennysheep_little_box, uniq_duvessa
D:5:      layout_cave_pools, uniq_sigmund, uniq_crazy_yiuf_cottage
D:6:      layout_basic
D:7:      minmay_evil_eye, layout_loops_corners,
          grunt_dithmenos_smoke_and_mirrors, minmay_temple_entry_tees,
          gammafunk_ghost_cemetery, uniq_prince_ribbit1, uniq_maggie, uniq_pikel
D:8:      layout_basic, nzn_life_drinkers
D:9:      gammafunk_indiana_jones, layout_irregular_city, amethyst_killhole,
          uniq_harold
Temple:   nicolae_temple_no_exploring_needed

Skill      XL: |  1  2  3  4  5  6  7  8  9 10 |
---------------+-------------------------------+-----
Conjurations   | 5 6 7 9 12 13 | 13.2
Hexes          | 2 4 7 10 | 10.0
Staves         | 4 6 |  6.2
Fighting       | 1 |  1.5
Dodging        | 4 |  4.1
Stealth        | |  2.4
Spellcasting   | |  3.0

Action                   |  1- 3 |  4- 6 |  7- 9 | 10-12 || total
-------------------------+-------+-------+-------+-------++-------
Melee: Quarterstaff      |       |       |    25 |     2 ||    27
 Cast: Magic Dart        |    66 |    79 |    85 |    21 ||   251
       Searing Ray       |     3 |    13 |    38 |    12 ||    66
       Fulminant Prism   |       |       |    35 |     9 ||    44
       Dazzling Flash    |       |       |     5 |     1 ||     6
       Iskenderun's Myst |       |       |     1 |     7 ||     8
  Use: Scroll            |       |       |     7 |     2 ||     9
       Potion            |       |       |     2 |       ||     2
 Stab: Distracted        |       |       |     1 |       ||     1
Armor: Robe              |     2 |     1 |     9 |     1 ||    13
Dodge: Dodged            |    11 |    34 |   114 |    32 ||   191

Table legend: (Time is in decaauts)
 A = Elapsed time spent in this place.
 B = Non-inter-level travel time spent in this place.
 C = Inter-level travel time spent in this place.
 D = Time resting spent in this place.
 E = Time spent auto-exploring this place.
 F = Levels seen in this place.
 G = Mean time per level.
                   A        B        C        D        E       F      G
               +--------+--------+--------+--------+--------+-----+--------+
         Total |  14506 |  14133 |    373 |   7368 |   4908 |  10 | 1450.6 |
       Dungeon |  14478 |  14113 |    365 |   7368 |   4908 |   9 | 1608.7 |
        Temple |     27 |     19 |      8 |      0 |      0 |   1 |   27.0 |
               +--------+--------+--------+--------+--------+-----+--------+

Top non-repeatable levels by time:
     D:7: 3474 daAuts
     D:8: 2393 daAuts
     D:5: 1972 daAuts
     D:6: 1603 daAuts
     D:1: 1377 daAuts
     D:4: 1329 daAuts
     D:3: 1090 daAuts
     D:2: 1026 daAuts
     D:9: 211 daAuts
  Temple: 27 daAuts
